Workbook

Sheet Input and Valuation Summary
A1: Key valuaton inputs
A2: Date of valuation | B2: 45699
A3: Expected annual increase in oil prices | B3: 0.025
A4: Number of years of production left | B4: 50
A5: Probability of regime change | B5: 0.2
A7: Valuation Output
A8: Dividend Discount Value | B8: =Dividends!B17 -> 2147.2632 | C8: See Dividends worksheet
A9: FCFE Value | B9: ='Potential Dividends'!B22 -> 1390.9514 | C9: See Potential Dividends worksheet
A10: FCFF-based Value of Equity | B10: ='Free Cash flow to firm'!B27 -> 1377.7081 | C10: See Free Cash Flow to Firm worksheet
A12: Market Capitalization on Feb 14, 2024 | B12: 1784

Sheet Dividends
B1: Input | D1: Source of data
A2: Expected Dividends next year = | B2: 122.62 | C2: (in billions of dollars) | D2: Dividends paid in LTM, with guarantee from prospectus
A3: Expected Growth rate | B3: ='Input and Valuation Summary'!B3 -> 0.025 | D3: Inflation rate in US $, US T Bond rate minus US TIPs rate
A4: Number of years = | B4: ='Input and Valuation Summary'!B4 -> 50 | D4: Years of production left, given reserves and expected production
A6: Risk free Rate in US $ | B6: 0.0449 | D6: US T. Bond rate on February 1m 2023
A7: ERP for Saudi Arabia | B7: 0.0513 | D7: ERP at the start of 2024 for Saudi Arabia
A8: Beta | B8: =0.5 -> 0.5 | D8: Guaranteed by Saudi Government
A10: Cost of Equity | B10: =B6+B8*B7 -> 0.07055
A12: Value of Equity | B12: =B2*(1-((1+B3)^B4)/((1+B10)^B4))/(B10-B3) -> 2385.848 | C12: (in billions)
A14: Probability of regime change | B14: ='Input and Valuation Summary'!B5 -> 0.2 | D14: Your best judgment of cumulative probability over time
A15: Value of Equity with regime change (as % of status quo value) | B15: 0.5 | D15: If you expect expropriate, this can be 0%
A17: Regime Change Adjusted Value | B17: =B12*(1-B14)+B14*B15*B12 -> 2147.2632

Sheet Potential Dividends
B1: Input | D1: Source of data
A2: Net Income | B2: 109.37 | C2: (in billions) | D2: Income Statement for LTM, Sept 30 of 2023
A3: Expected growth in earnings = | B3: ='Input and Valuation Summary'!B3 -> 0.025 | D3: Expected inflaiton rate
A4: Expected return on equity = | B4: =B2/'Free Cash flow to firm'!G2 -> 0.24246791 | D4: Based on book equity on Sept 30, 2023
A5: Number of years = | B5: ='Input and Valuation Summary'!B4 -> 50 | D5: Years of production left, given reserves and expected production
A7: Risk free Rate in US $ | B7: =Dividends!B6 -> 0.0449 | D7: US T. Bond rate on February 14, 2023
A8: ERP for Saudi Arabia | B8: =Dividends!B7 -> 0.0513 | D8: ERP for Saudi Arabia at start of 2024 (Damodaran.com)
A9: Beta for integrated oil | B9: 0.87 | D9: Global beta for integrated oil companies, start of 2024 (Damodaran)
A11: Cost of Equity | B11: =B7+B9*B8 -> 0.089531
A13: Imputed Payout Ratio = | B13: =1-B3/B4 -> 0.89689357
A14: Value of Equity | B14: =B2*B13*(1-((1+B3)^B5/(1+B11)^B5))/(B11-B3) -> 1448.3016 | C14: (in billions)
A15: + Cash | B15: 69.48 | D15: Income Statement for LTM, Sept 30 of 2023
A16: + Cross Holdings | B16: 27.72 | D16: Balance Sheet for Sept 30, 2023
A17: Value of Equity | B17: =B14+B15+B16 -> 1545.5016
A19: =Dividends!A14 -> Probability of regime change | B19: ='Input and Valuation Summary'!B5 -> 0.2 | D19: Your best judgment of cumulative probability over time
A20: =Dividends!A15 -> Value of Equity with regime change (as % of status quo value) | B20: =Dividends!B15 -> 0.5 | D20: If you expect expropriate, this can be 0%
A22: =Dividends!A17 -> Regime Change Adjusted Value | B22: =B17*(1-B19)+B19*B20*B17 -> 1390.9514

Sheet Free Cash flow to firm
B1: Input | D1: Source of data | F1: Invested Capital
A2: Operating Income | B2: 214.43 | C2: (in billions) | D2: Income Statement for LTM, ending Sept 30, 2023 | F2: Book Equity | G2: 451.07
A3: Tax rate | B3: 0.49 | D3: Effective tax rate for LTM, ending Sept 30, 2023 | F3: Total Debt | G3: 80.96
A4: Expected growth rate | B4: ='Potential Dividends'!B3 -> 0.025 | D4: Expected inflation rate in US dollars, Feb 2024 | F4: Cash | G4: 69.48
A5: Return on invested capital (after-tax) | B5: =B2*(1-B4)/G5 -> 0.45199276 | D5: Based on Invested Capital on Sept 30, 2022 | F5: Invested Capital | G5: =G2+G3-G4 -> 462.55
A6: Number of years | B6: ='Input and Valuation Summary'!B4 -> 50 | D6: Years of production left, given reserves and expected production
A8: Risk free Rate in US $ | B8: =Dividends!B6 -> 0.0449 | D8: US T. Bond rate on February 14, 2024
A9: ERP for Saudi Arabia | B9: ='Potential Dividends'!B8 -> 0.0513 | D9: ERP for Saudi Arabia at start of 2024 (Damodaran.com)
A10: Beta for integrated oil | B10: ='Potential Dividends'!B9 -> 0.87 | D10: Global beta for integrated oil companies, start of 2023n(Damodaran)
A11: Cost of debt Iin US$) | B11: =B8+0.4% -> 0.0489 | D11: Based on A1 rating assigned by Moody's to company
A12: Debt Ratio = | B12: =G3/(B27-G3) -> 0.062433095 | D12: Debt Ratio in 2022
A14: Cost of Capital | B14: =B8+B10*B9*(1-B12)+B11*(1-0.2)*B12 -> 0.089186931
A16: Imputed Reinvestment Rate = | B16: =B4/B5 -> 0.055310621
A17: Value of Operating Assets | B17: =B2*(1-B3)*(1-B16)*(1+B4)*(1-((1+B4)^B6/(1+B14)^B6))/(B14-B4) -> 1570.6068 | C17: (in billions)
A18: + Cash | B18: =G4 -> 69.48 | C18: (in billions) | D18: Prospectus, Balance Sheet for 2023
A19: + Cross Holdings | B19: 27.49 | C19: (in billions) | D19: Prospectus, Balance Sheet for 2023
A20: - Debt | B20: =G3 -> 80.96 | C20: (in billions) | D20: Prospectus, Balance Sheet for 2023
A21: - Minority Interests | B21: 55.83 | C21: (in billions) | D21: Prospectus, Balance Sheet for 2023
A22: Value of Equity | B22: =B17+B18+B19-B20-B21 -> 1530.7868 | C22: (in billions)
A24: ='Potential Dividends'!A19 -> Probability of regime change | B24: ='Potential Dividends'!B19 -> 0.2 | D24: A complete guess but it is definitely not zero
A25: ='Potential Dividends'!A20 -> Value of Equity with regime change (as % of status quo value) | B25: ='Potential Dividends'!B20 -> 0.5 | D25: If you expect expropriation, this can be 0%
A27: ='Potential Dividends'!A22 -> Regime Change Adjusted Value | B27: =B22*(1-B24)+B24*B25*B22 -> 1377.7081
